 Dungeon Crawl Stone Soup version 0.19.1 (webtiles) character file.

547 Lilleppy the Spear-Bearer (level 7, -2/54 HPs)
             Began as a Merfolk Gladiator on Dec 8, 2016.
             Killed from afar by Dowan (15 damage)
             ... with a stone arrow
             ... on level 4 of the Dungeon.
             The game lasted 00:07:59 (3080 turns).

Lilleppy the Spear-Bearer (Merfolk Gladiator)       Turns: 3080, Time: 00:07:59

Health: -2/54      AC:  9    Str: 17    XL:     7   Next: 28%
Magic:  7/7        EV: 12    Int:  8    God:
Gold:   202        SH:  0    Dex: 14    Spells: 0 memorised, 6 levels left

rFire  . . .     SeeInvis .     a - +0 trident
rCold  . . .     Gourm    .     h - +0 scale mail
rNeg   . . .     Faith    .     (no shield)
rPois  .         Spirit   .     b - +2 helmet
rElec  .         Reflect  .     (no cloak)
rCorr  .         Harm     +     (no gloves)
MR     .....                    (no boots)
Stlth  ..........               x - amulet of harm
                                (no ring)
                                (no ring)

@: glowing
A: change form in water, swift swim, stealthy swim
a: no special abilities


You were on level 4 of the Dungeon.
You were not hungry.

You visited 1 branch of the dungeon, and saw 4 of its levels.

You collected 202 gold pieces.

Inventory:

Hand Weapons
 a - a +0 trident (weapon)
Missiles
 t - 7 tomahawks (quivered)
Armour
 b - a +2 helmet (worn)
 h - a +0 scale mail (worn)
Jewellery
 x - an amulet of harm (around neck)
Scrolls
 c - a scroll of teleportation {unknown}
 e - a scroll of enchant weapon {unknown}
 i - 2 scrolls of magic mapping {unknown}
 j - a scroll of noise {unknown}
 k - 2 scrolls of blinking {unknown}
 n - 3 scrolls of remove curse {unknown}
 o - 4 scrolls of identify {unknown}
 p - 2 scrolls of fog {unknown}
 q - a scroll of fear {unknown}
Potions
 f - a potion of might {unknown}
 l - a potion of cancellation {unknown}
 m - a potion of lignification {unknown}
 v - 4 potions of curing {unknown}
 w - a potion of heal wounds {unknown}
Books
 s - a book of Misfortune

   Spells                             Type                      Level
   a - Confusing Touch                Hexes                        1
   b - Confuse                        Hexes                        3
   c - Gell's Gravitas                Hexes/Translocation          3
   d - Petrify                        Transmutation/Earth          4
   e - Metabolic Englaciation         Hexes/Ice                    5
   f - Yara's Violent Unravelling     Hexes/Transmutation          5
Comestibles
 g - a meat ration
 r - a beef jerky
 u - 4 fruits


   Skills:
 + Level 4.1 Fighting
 + Level 8.4 Polearms
 + Level 2.4 Throwing
 + Level 2.2 Armour
 + Level 5.3 Dodging


You had 6 spell levels left.
You didn't know any spells.

Dungeon Overview and Level Annotations

Branches:
Dungeon (4/15)
 Temple: D:4-7

Altars:

Annotations:
D:4 Dowan


Message History

* * * LOW HITPOINT WARNING * * *
Dowan gestures wildly while chanting.
You see here 2 throwing nets.
You hit Dowan but do no damage. Dowan closely misses you.
You barely miss Dowan. Dowan hits you but does no damage.
Dowan closely misses you.
Throwing (i - inventory):
t - 9 tomahawks (quivered)
Press: ? - help, Shift-Dir - straight line, f - Dowan
Aim: Dowan, wielding a dagger of speed and wearing a robe (fast)
You throw a tomahawk.
The tomahawk hits Dowan but does no damage.
Dowan hits you but does no damage. Dowan closely misses you.
Throwing (i - inventory):
t - 8 tomahawks (quivered)
Press: ? - help, Shift-Dir - straight line, f/p - Dowan
Aim: Dowan, wielding a dagger of speed and wearing a robe (fast)
You throw a tomahawk. The tomahawk hits Dowan!
Dowan is heavily wounded.
Dowan gestures at you while chanting. The stone arrow hits you!
You die...

## .# #. .# #. .# #.
#.## #.#...####
#.#....... #.@....#
#.e...## #.....# #.
#.)...# #. ##...##
#. #.#..# ##.
#.##..############..
####................
#................##.


You could see Dowan.

Vanquished Creatures
  Duvessa (D:4)
  An ogre (D:4)
  A howler monkey (D:4)
  A hound (D:4)
  3 worker ants (D:4)
  Natasha (D:4)
  2 orc wizards (D:3)
  5 adders
  An ooze (D:1)
  An adder skeleton (D:4)
  5 worms
  A dart slug (D:1)
  A leopard gecko (D:1)
  10 orcs (D:3)
  2 ball pythons
  7 bats
  4 giant cockroaches
  6 goblins
  7 hobgoblins
  4 jackals (D:2)
  2 quokkas
  6 frilled lizards
  4 kobolds
  9 rats
85 creatures vanquished.

Notes
Turn   | Place    | Note
-------+----------+-------------------------------------------
     0 | D:1      | Lilleppy the Merfolk Gladiator began the quest for the Orb.
     0 | D:1      | Reached XP level 1. HP: 16/16 MP: 1/1
     6 | D:1      | Noticed a minotaur zombie
   157 | D:1      | Reached XP level 2. HP: 21/23 MP: 2/2
   228 | D:1      | Reached skill level 5 in Polearms
   290 | D:1      | Reached XP level 3. HP: 19/28 MP: 3/3
  1149 | D:2      | Reached XP level 4. HP: 29/34 MP: 4/4
  1203 | D:2      | Reached skill level 6 in Polearms
  1562 | D:3      | Reached XP level 5. HP: 38/40 MP: 5/5
  1748 | D:3      | Reached skill level 7 in Polearms
  1748 | D:3      | Reached skill level 1 in Armour
  2502 | D:4      | Noticed Natasha
  2511 | D:4      | Killed Natasha
  2579 | D:4      | Reached XP level 6. HP: 15/47 MP: 6/6
  2953 | D:4      | Reached skill level 5 in Dodging
  3019 | D:4      | Reached skill level 8 in Polearms
  3019 | D:4      | Reached XP level 7. HP: 49/53 MP: 7/7
  3050 | D:4      | Noticed Duvessa
  3051 | D:4      | Noticed Dowan
  3072 | D:4      | Killed Duvessa
  3080 | D:4      | Killed from afar by Dowan

Skill      XL: |  1  2  3  4  5  6  7 |
---------------+----------------------+-----
Polearms       | 5 6 7 8 |  8.4
Armour         | 1 2 |  2.2
Fighting       | 3 4 |  4.1
Dodging        | 5 |  5.3
Throwing       | |  2.4

Action                   |  1- 3 |  4- 6 |  7- 9 || total
-------------------------+-------+-------+-------++-------
Melee: Trident           |    77 |   235 |    15 ||   327
Throw: Throwing net      |       |    10 |     2 ||    12
       Tomahawk          |       |     1 |     2 ||     3
  Eat: Bread ration      |     1 |     1 |       ||     2
Armor: Scale mail        |    25 |   101 |    12 ||   138
Dodge: Dodged            |    45 |   136 |     6 ||   187
